 Dungeon Crawl Stone Soup version 0.24-a0-269-g32ec7ca (webtiles) character file.

Game seed: 16448533769360236126

30 Lanoc the Cudgeler (level 3, -1/33 HPs)
             Began as a Minotaur Chaos Knight on Apr 22, 2019.
             Was a Plaything of Xom.
             Slain by a goblin
             ... wielding a +0 dagger
             ... led by Robin
              (2 damage)
             ... on level 1 of the Dungeon.
             The game lasted 00:03:25 (996 turns).

Lanoc the Cudgeler (Minotaur Chaos Knight)           Turns: 996, Time: 00:03:26

Health: -1/33      AC:  5    Str: 16    XL:     3   Next: 3%
Magic:  2/2        EV: 11    Int:  9    God:    Xom [....*.]
Gold:   77         SH:  0    Dex: 10    Spells: 2/2 levels left

rFire    + . .     SeeInvis .   a - +0 mace (chaos)
rCold    x . .     Gourm    .   (no shield)
rNeg     . . .     Faith    .   b - +2 leather armour
rPois    .         Spirit   .   (helmet restricted)
rElec    .         Reflect  .   (no cloak)
rCorr    .         Harm     .   (no gloves)
MR       .....                  (no boots)
Stlth    +.........             (no amulet)
HPRegen  0.11/turn              g - ring of fire (curse)
MPRegen  0.08/turn              (no ring)

@: berserk cooldown, slowed, very slow
A: retaliatory headbutt, horns 2
a: Renounce Religion


You were on level 1 of the Dungeon.
You worshipped Xom.
You were a beloved toy of Xom.
You were not hungry.

You visited 1 branch of the dungeon, and saw 2 of its levels.

You collected 77 gold pieces.

Inventory:

Hand Weapons
 a - a +0 mace of chaos (weapon)
Armour
 b - a +2 leather armour (worn)
Jewellery
 g - a cursed ring of fire (left hand)
Scrolls
 e - a scroll of amnesia {unknown}
 f - a scroll of identify {unknown}
 i - a scroll of remove curse {unknown}
 j - a scroll of fear {unknown}
Comestibles
 c - 2 rations


   Skills:
 + Level 4.0 Fighting
 * Level 4.2 Maces & Flails
 + Level 2.8 Armour
 + Level 1.7 Dodging


You had 2 spell levels left.
You didn't know any spells.
Your spell library was empty.

Dungeon Overview and Level Annotations

Branches:
Dungeon (2/15)

Altars:

Annotations:
D:2 Robin


Innate Abilities, Weirdness & Mutations

You reflexively headbutt those who attack you in melee.
You have a pair of horns on your head.


Message History

All of the chunks of flesh in your inventory have rotted away.
Your hobgoblin zombie closely misses the goblin.
The goblin shoots a stone.
The stone hits your hobgoblin zombie.
Your hobgoblin zombie misses the goblin.
The goblin shoots a stone.
The stone hits your hobgoblin zombie.
Your hobgoblin zombie hits the goblin.
The goblin unwields a +0 hunting sling.
The goblin wields a +0 dagger.
The goblin barely misses your hobgoblin zombie.
Your hobgoblin zombie misses the goblin.
The goblin unwields a +0 dagger.
The goblin wields a +0 hunting sling.
The goblin shoots a stone.
The stone hits your hobgoblin zombie.
Your hobgoblin zombie is destroyed!
The goblin unwields a +0 hunting sling.
The goblin wields a +0 dagger.
The goblin hits you with a +0 dagger.
* * * LOW HITPOINT WARNING * * *
You see here 8 stones.
You hit the goblin.
The goblin appears confused.
The goblin is almost dead.
The goblin hits you with a +0 dagger.
You die...

#............+..............#..
#............##..........#..#..
#............####......#.#..#..
#............+..............#..
#............####.....(.###.#..
#.#..†.......# #)......# #.#..
#.#.#)#.#.##.# #.......# #.###
#.#...#......####.......# #....
#.#####......g@(........# #....
#............(###.#########....
#######..#.....##.........÷....
#.....#..############...#
####.......#.........##...#
#........#.#.........##...#
#....................##...#
#....................##....
#....................##....


You could see a goblin (confused).

Vanquished Creatures
  A dart slug (D:1)
  3 leopard geckos (D:1)
  10 goblins
  2 hobgoblins (D:1)
  2 frilled lizards (D:1)
  A rat (D:1)
19 creatures vanquished.

Vanquished Creatures (collateral kills)
  3 goblins (D:1)
  A hobgoblin (D:1)
4 creatures vanquished.

Grand Total: 23 creatures vanquished

Notes
Turn   | Place    | Note
-------+----------+-------------------------------------------
     0 | D:1      | Lanoc the Minotaur Chaos Knight began the quest for the
                  | Orb.
     0 | D:1      | Reached XP level 1. HP: 19/19 MP: 0/0
    34 | D:1      | XOM: divination: magic mapping
   389 | D:1      | Reached XP level 2. HP: 24/27 MP: 1/1
   749 | D:1      | You fall through a shaft!
   749 | D:2      | Noticed Robin
   762 | D:1      | XOM: cast spell 'Call Canine Familiar'
   865 | D:1      | XOM: god gift: 21 gold pieces
   885 | D:1      | XOM: god gift: 27 stones
   983 | D:1      | HP: 1/27 [hobgoblin[Robin] (3)]
   985 | D:1      | Reached XP level 3. HP: 5/33 MP: 2/2
   995 | D:1      | HP: 1/33 [goblin/+0 dagger[Robin] (1)]
   996 | D:1      | Slain by a goblin

Levels and vault maps discovered:
D:1:      giann_wishing_wells, layout_basic
D:2:      layout_rooms, old_standard_altar, first_ration, serial_bayou_lake_a,
          uniq_robin

Skill      XL: |  1  2 |
---------------+-------+-----
Maces & Flails | 4 |  4.2
Fighting       | 4 |  4.0
Armour         | |  2.8
Dodging        | |  1.7

Action                   || total
-------------------------++-------
Melee: Mace              ||    47
       Headbutt          ||     4
  Use: Potion            ||     1
Armor: Leather armour    ||    31
Dodge: Dodged            ||    40

Table legend:
 A = Non-vault XP
 B = Vault XP
 C = Vault XP percentage of total XP
 D = Non-vault monster count
 E = Vault monster count
 F = Vault count percentage of total count
                 A         B        C        D         E       F
            +---------+---------+-------+---------+---------+-------
      Total |      30 |      13 |  30.2 |      14 |       9 |  39.1
            +---------+---------+-------+---------+---------+-------
        D:1 |      30 |       9 |  23.1 |      14 |       7 |  33.3
        D:2 |       0 |       4 | 100.0 |       0 |       2 | 100.0
            +---------+---------+-------+---------+---------+-------
